 Dungeon Crawl Stone Soup version 0.17.1-3-g152610e (webtiles) character file.

45 Gargoyl the Skirmisher (level 3, 0/29 HPs)
             Began as a Demonspawn Abyssal Knight on Mar 4, 2016.
             Was a Follower of Lugonu.
             Killed from afar by Sigmund (5 damage)
             ... with a puff of flame
             ... on level 2 of the Dungeon.
             The game lasted 00:02:50 (1598 turns).

Gargoyl the Skirmisher (Demonspawn Abyssal Knight)  Turns: 1598, Time: 00:02:50

Health: 0/29       AC:  6    Str: 13    XL:     3   Next: 42%
Magic:  5/5        EV:  6    Int: 13    God:    Lugonu [*.....]
Gold:   115        SH:  7    Dex: 12    Spells: 0 memorised, 2 levels left

rFire  . . .     SeeInvis .     a - +1 hand axe
rCold  . . .     Clarity  .     d - +0 scale mail
rNeg   . . .     SustAt   .     h - +0 shield
rPois  .         Gourm    .     (no helmet)
rElec  .         Spirit   .     (no cloak)
rCorr  .         Warding  .     (no gloves)
rMut   .         Stasis   .     (no boots)
MR     .....                    (no amulet)
Stlth  ..........               (no ring)
                                (no ring)

@: not resistant to hostile enchantments, extremely unstealthy
A: hooves 1, demonic guardian 1
a: Depart the Abyss, Renounce Religion


You were on level 2 of the Dungeon.
You worshipped Lugonu.
Lugonu was aware of your devotion.
You were hungry.

You visited 1 branch of the dungeon, and saw 2 of its levels.
You visited the Abyss 1 time.

You collected 115 gold pieces.

Inventory:

Hand Weapons
 a - a +1 hand axe (weapon)
Armour
 d - a +0 scale mail (worn)
 h - a +0 shield (worn)
Scrolls
 b - 3 scrolls of identify {unknown}
 g - a scroll of noise {unknown}
 i - 2 scrolls of remove curse {unknown}
 j - 2 scrolls of enchant armour {unknown}
 k - a scroll of enchant weapon {unknown}
 m - a scroll of fog {unknown}
Potions
 e - a potion of brilliance {unknown}
Comestibles
 c - 3 bread rations
 f - a meat ration
 l - 3 fruits


   Skills:
 + Level 3.5 Fighting
 + Level 2.2 Axes
 + Level 2.0 Armour
 + Level 1.0 Dodging
 + Level 0.5 Shields
 + Level 3.1 Invocations


You had 2 spell levels left.
You didn't know any spells.

Dungeon Overview and Level Annotations

Branches:
Dungeon (2/15)

Altars:

Annotations:
D:2 Sigmund


Innate Abilities, Weirdness & Mutations

You have large cloven feet.
A weak demonic guardian rushes to your aid.


Message History

The worm bites you.
Unknown command.
You hit the worm.
The worm is severely wounded.
Something hits you! The worm bites you but does no damage.
You hit the worm but do no damage. You kick the worm, but do no damage.
The worm is severely wounded.
You hear a splashing noise.
You block the worm's attack.
Your shield and scale mail prevent you from hitting the worm.
The worm is heavily wounded.
Something hits you!
* * * LOW HITPOINT WARNING * * *
The worm barely misses you.
You hit the worm but do no damage. You kick the worm, but do no damage.
The worm is heavily wounded.
You hear some strange, mumbled words.
A puff of flame appears from out of thin air!
The puff of flame hits you!
You die...

#.... #.... #######
######.).. #.....#
#.......).
##.###.###......... #.
#....[......)......
##..##...........####.##
........................
###.##w@..........#.....
# #♣†≈≈........#(....
≈{.≈≈♣.......#.....
≈≈.≈≈P≈......#.....
≈≈P.PP≈≈#####.#.....
♣≈≈≈.≈≈≈♣# #.#.....
♣P≈≈.≈≈≈♣ #.##....
≈≈≈≈.≈≈≈♣ #.### #....


You could see a worm.

Vanquished Creatures
  3 oozes
  A worm (D:1)
  A giant gecko (D:2)
  4 goblins
  A hobgoblin (D:1)
  A ball python (D:1)
  9 bats
  2 giant newts (D:1)
  4 kobolds
  4 rats (D:1)
30 creatures vanquished.

Vanquished Creatures (collateral kills)
  A hobgoblin (D:2)
1 creature vanquished.

Grand Total: 31 creatures vanquished

Notes
Turn   | Place    | Note
--------------------------------------------------------------
     0 | Abyss:1  | Gargoyl the Demonspawn Abyssal Knight began the quest for the Orb.
     0 | Abyss:1  | Reached XP level 1. HP: 18/18 MP: 2/2
    79 | Abyss:1  | Noticed a hungry ghost
    98 | Abyss:1  | Noticed a bone dragon
   116 | Abyss:2  | Noticed a blue devil
   117 | D:1      | Escaped the Abyss
   390 | D:1      | Reached skill level 1 in Dodging
   390 | D:1      | Gained mutation: You have large cloven feet. [demonic ancestry]
   390 | D:1      | Reached XP level 2. HP: 9/24 MP: 3/3
   757 | D:1      | Reached * piety under Lugonu
  1129 | D:1      | Gained mutation: A weak demonic guardian rushes to your aid. [demonic ancestry]
  1129 | D:1      | Reached XP level 3. HP: 10/29 MP: 5/5
  1583 | D:2      | Noticed Sigmund
  1598 | D:2      | Killed from afar by Sigmund

Action                   || total
-------------------------++-------
Melee: Hand axe          ||   128
Invok: Depart the Abyss  ||     1
  Eat: Chunk             ||     2
